 Dungeon Crawl Stone Soup version 0.32-a0-136-gc02482bde3 (webtiles) character file.

Game seed: 9576524692841409863

457 slippy the Apothecary (level 6, -1/28 HPs)
             Began as a Spriggan Alchemist on Feb 10, 2024.
             Slain by a gnoll
             ... wielding a +0 halberd
              (12 damage)
             ... on level 6 of the Dungeon.
             The game lasted 00:13:30 (4174 turns).

slippy the Apothecary (Spriggan Alchemist)          Turns: 4174, Time: 00:13:30

Health: -1/28      AC:  3    Str:  4    XL:     6   Next: 77%
Magic:  3/11       EV: 17    Int: 18    God:
Gold:   79         SH:  0    Dex: 16    Spells: 4/10 levels left

rFire   . . .        p - +0 club
rCold   . . .        (no shield)
rNeg    . . .        a - +1 robe
rPois   .            (helmet restricted)
rElec   .            (no cloak)
rCorr   .            (gloves unavailable)
SInv    +            (boots unavailable)
Will    +....        (no amulet)
Stlth   ++           (no ring)
HPRegen 0.24/turn    (no ring)
MPRegen 0.12/turn

%: no passive effects
@: very quick
A: very small, no large weapons, unfitting armour, see invisible, speed 3
a: no special abilities


You were on level 6 of the Dungeon.
You visited 1 branch of the dungeon, and saw 6 of its levels.

You collected 220 gold pieces.
You spent 141 gold pieces at shops.

Inventory:

Hand Weapons
 p - a +0 club (weapon)
Armour
 a - a +1 robe (worn)
 s - an orb of wrath
Jewellery
 f - a +5 ring of evasion
Talismans
 v - the storm talisman of Lugonu's Inspiration {rCorr}
   (You found it on level 5 of the Dungeon)

   [storm talisman]

   rCorr:     It protects you from acid and corrosion.
Scrolls
 c - 2 scrolls of blinking
 e - 2 scrolls of vulnerability
 j - a scroll of fog {unknown}
 k - a scroll of fear {unknown}
 r - 2 scrolls of enchant armour
 x - a scroll of enchant weapon {unknown}
Potions
 b - a potion of magic
 d - 2 potions of curing
 h - 2 potions of heal wounds
 i - a potion of ambrosia {unknown}
 l - 2 potions of degeneration {unknown}
 m - a potion of enlightenment {unknown}
 n - a potion of invisibility {unknown}
 o - a potion of haste {unknown}
 q - a potion of might {unknown}
 t - a potion of mutation {unknown}
 u - 2 potions of cancellation {unknown}
 w - 2 potions of lignification
 z - a potion of brilliance {unknown}


   Skills:
 - Level 2.6 Dodging
 - Level 3.0 Stealth
 - Level 2.6 Spellcasting
 - Level 0.6 Conjurations
 - Level 6.4 Alchemy
 * Level 5.7 Shapeshifting


You had 4 spell levels left.
You knew the following spells:

 Your Spells              Type           Power      Damage    Failure   Level
a - Sting                 Conj/Alch      60%        1d6       4%          1
b - Mercury Vapours       Alch/Air       28%        N/A       7%          2
c - Mephitic Cloud        Conj/Alch/Air  10%        N/A       19%         3

Your spell library contained the following spells:

 Spells                   Type           Power      Damage    Failure   Level
 Olgreb's Toxic Radiance  Alch           25%        N/A       12%         4
 Sticky Flame             Fire/Alch      14%        2d5       41%         4
 Inner Flame              Hex/Fire       2%         N/A       45%         3
 Flame Wave               Conj/Fire      3%         2d5       83%         4


Dungeon Overview and Level Annotations

Branches:
Dungeon (6/15)
 Temple: D:4-7

Altars:
Dithmenos
Okawaru
Zin

Shops:
D:5 *

Annotations:
D:2 Sigmund
D:3 3 runed translucent doors, MrSquiggles's ghost, amateur OpAl
D:4 Pikel


Innate Abilities, Weirdness & Mutations

You are very small and have problems with some larger weapons.
You are too small for most types of armour.
You have supernaturally acute eyesight. (SInv)
You cover ground extremely quickly. (Speed+++)


Message History

You now have 79 gold pieces (gained 13).
A gnoll comes into view. It is wielding a +0 halberd.
A centaur comes into view.
A gnoll comes into view. It is wielding a +0 club.
The centaur wields a +0 orcbow.
The centaur shoots an arrow.
The arrow barely misses you. The gnoll misses you.
The centaur shoots an arrow.
The arrow hits you!
As you read the scroll of teleportation, it crumbles to dust.
You feel strangely unstable.
Your surroundings suddenly seem different.
You start resting.
A hound comes into view.
Casting: Mephitic Cloud (quite dangerous; 19% risk of failure)
Confirm with . or Enter, or press ? or * to list all spells.
Aiming: Sting (safe; 4% risk of failure)
Press: ? - help, Shift-Dir - straight line, f - hound
Aim: a hound (64% to hit)
The sting misses the hound.
Casting: Sting (safe; 4% risk of failure)
Confirm with . or Enter, or press ? or * to list all spells.
Aiming: Sting (safe; 4% risk of failure)
Press: ? - help, Shift-Dir - straight line, f/p - hound
Aim: a hound (64% to hit)
The sting misses the hound.
The hound closely misses you.
The sentinel's mark upon you fades away.
The hound attacks as it pursues you! The hound bites you.
Casting: Sting (safe; 4% risk of failure)
Confirm with . or Enter, or press ? or * to list all spells.
Aiming: Sting (safe; 4% risk of failure)
Press: ? - help, Shift-Dir - straight line, f/p - hound
Aim: a hound (64% to hit)
The sting misses the hound.
The hound completely misses you. The hound bites you.
A gnoll comes into view. It is wielding a +0 halberd.
The gnoll hits you from afar with a +0 halberd!
The gnoll attacks as it pursues you!
The gnoll hits you from afar with a +0 halberd!
You die...

......
.....#
.....#
....## ##
....g# #..
.)###
#...######
.##
....#....##
##
..........#
#
g......@..#
..........#
......g...#
.......h.##
........##
.........#
.........#
.........##
.#####....##


You could see a hound and 2 gnolls.

Vanquished Creatures
  Prince Ribbit (D:5)
  A scorpion (D:4)
  A hound (D:4)
  2 iguanas
  5 adders
  5 dart slugs
  7 orcs
  6 ball pythons
  3 endoplasms
  5 giant cockroaches
  7 hobgoblins
  4 jackals (D:1)
  5 kobolds
  5 quokkas (D:1)
  5 bats
  3 frilled lizards
  8 goblins
  11 rats
84 creatures vanquished.

Notes
Turn   | Place    | Note
-------+----------+-------------------------------------------
     0 | D:1      | slippy the Spriggan Alchemist began the quest for the Orb.
     0 | D:1      | Reached XP level 1. HP: 9/9 MP: 5/5
   314 | D:1      | Reached XP level 2. HP: 13/13 MP: 4/6
   317 | D:1      | Learned a level 2 spell: Mercury Vapours
   377 | D:1      | Reached skill level 4 in Alchemy
   864 | D:1      | Reached XP level 3. HP: 14/16 MP: 1/8
  1388 | D:2      | Reached skill level 5 in Alchemy
  1429 | D:2      | Learned a level 3 spell: Mephitic Cloud
  2004 | D:2      | Noticed Sigmund
  2171 | D:2      | Reached XP level 4. HP: 15/21 MP: 4/9
  2676 | D:3      | Reached skill level 6 in Alchemy
  2784 | D:3      | Found a faded altar of an unknown god.
  2876 | D:3      | Found a runed translucent gate.
  2876 | D:3      | Noticed MrSquiggles's ghost (amateur OpAl)
  2877 | D:3      | Found a runed translucent gate.
  2878 | D:3      | Found a runed translucent gate.
  2878 | D:3      | Identified the +6 scale mail "Sailukepn" {rF+ Dex+3}
  3188 | D:4      | Found a shadowy altar of Dithmenos.
  3201 | D:4      | Reached XP level 5. HP: 24/24 MP: 2/10
  3399 | D:4      | Found a glowing silver altar of Zin.
  3431 | D:4      | Noticed a phantom
  3434 | D:5      | Entered Level 5 of the Dungeon
  3434 | D:5      | Found Voet's Assorted Antiques.
  3454 | D:4      | Noticed Pikel
  3454 | D:4      | Noticed a lemure
  3454 | D:4      | Noticed a lemure
  3454 | D:4      | Noticed a lemure
  3454 | D:4      | Noticed a lemure
  3488 | D:5      | Bought a fuming coppery potion for 27 gold pieces
  3488 | D:5      | Bought a scroll of identify for 60 gold pieces
  3488 | D:5      | Bought 2 bubbling white potions for 54 gold pieces
  3508 | D:5      | Noticed Prince Ribbit
  3509 | D:5      | Identified the storm talisman of Lugonu's Inspiration
                  | {rCorr}
  3511 | D:5      | Noticed a phantom
  3682 | D:5      | Reached skill level 1 in Shapeshifting
  3740 | D:5      | Noticed a phantom
  3831 | D:5      | Noticed a phantom
  3840 | D:5      | Found an iron altar of Okawaru.
  3845 | D:5      | Noticed a water moccasin
  3954 | D:4      | Reached XP level 6. HP: 15/28 MP: 1/11
  4033 | D:5      | Killed Prince Ribbit
  4034 | D:5      | Reached skill level 5 in Shapeshifting
  4174 | D:6      | Slain by a gnoll

Illustrated notes

Levels and vault maps discovered:
D:1:      lemuel_arrival_hallway, layout_loops_ring, minmay_misc_feat_x
D:2:      layout_loops_corners, minmay_tromino_v4_a, uniq_sigmund
D:3:      layout_rooms, biasface_ghost_orc_armoury,
          hellmonk_ecumenical_altar_defaced_shrine,
          hangedman_abyss_or_decor_lesser_grid, grunt_decor_one_mirror,
          skrybe_limestone_x, chequers_serial_rivers_large_a,
          chequers_serial_rivers_micro_c, minmay_checkerbox
D:4:      layout_basic, nicolae_yredelemnul_corpse_copse, zin_statuary,
          nicolae_dithmenos_shadow_blocks, uniq_pikel
D:5:      layout_loops_ring, okawaru_metal_pillars_1_2,
          mainiacjoe_overflow_small_starburst, mainiacjoe_overflow_alcove_4,
          makhleb_grotto_becter, serial_shops, nicolae_stop_n_shop_2,
          kennysheep_generic_room_6, uniq_prince_ribbit1
D:6:      layout_cave_pods

Skill      XL: |  1  2  3  4  5  6 |
---------------+-------------------+-----
Alchemy        | 4 5 6 |  6.4
Shapeshifting  | 3 5 |  5.7
Dodging        | |  2.6
Stealth        | |  3.0
Spellcasting   | |  2.6
Conjurations   | |  0.6

Action                     |  1- 3 |  4- 6 || total
---------------------------+-------+-------++-------
  Melee: Club              |       |     3 ||     3
   Cast: Sting             |    74 |    80 ||   154
         Mercury Vapours   |     1 |     5 ||     6
         Mephitic Cloud    |       |     4 ||     4
    Use: Scroll            |     5 |     4 ||     9
 Armour: Robe              |     4 |    14 ||    18
  Dodge: Dodged            |     5 |    47 ||    52

Table legend: (Time is in decaauts)
 A = Elapsed time spent in this place.
 B = Non-inter-level travel time spent in this place.
 C = Inter-level travel time spent in this place.
 D = Time resting spent in this place.
 E = Time spent auto-exploring this place.
 F = Levels seen in this place.
 G = Mean time per level.
                   A        B        C        D        E       F      G
               +--------+--------+--------+--------+--------+-----+--------+
         Total |   3106 |   3087 |     19 |    867 |   1334 |   6 |  517.7 |
       Dungeon |   3106 |   3087 |     19 |    867 |   1334 |   6 |  517.7 |
               +--------+--------+--------+--------+--------+-----+--------+

Top non-repeatable levels by time:
     D:1: 899 daAuts
     D:2: 793 daAuts
     D:3: 688 daAuts
     D:5: 401 daAuts
     D:4: 260 daAuts
     D:6: 64 daAuts
